 Seeded DCSS version 0.30-a0-1035-g38d5fb2972 (webtiles) character file.

Game seed: 7995860227895377069 (custom seed)

590 voltaire321 the Chiller (level 7, -9/52 HPs)
             Began as a Merfolk Ice Elementalist on Apr 9, 2023.
             Was an Initiate of Nemelex Xobeh.
             Mangled by Menkaure (23 damage)
             ... on level 5 of the Dungeon.
             The game lasted 00:11:09 (4642 turns).

voltaire321 the Chiller (Merfolk Ice Elementalist)  Turns: 4642, Time: 00:11:09

Health: -9/52      AC:  2    Str: 10    XL:     7   Next: 38%
Magic:  12/12      EV: 14    Int: 15    God:    Nemelex Xobeh [......]
Gold:   649        SH:  0    Dex: 14    Spells: 5/12 levels left

rFire   . . .      SeeInvis .    k - +0 rapier
rCold   . . .      Faith    .    (no shield)
rNeg    . . .      Spirit   .    a - +0 robe
rPois   .          Reflect  .    (no helmet)
rElec   .          Rampage  .    (no cloak)
rCorr   +                        (no gloves)
Will    .....                    (no boots)
Stlth   ++                       (no amulet)
HPRegen 0.28/turn                f - ring of resist corrosion
MPRegen 0.13/turn                (no ring)

@: no status effects
A: (nimble swimmer 2), mertail
a: Renounce Religion, Draw Escape, Draw Destruction, Draw Summoning


You were on level 5 of the Dungeon.
You worshipped Nemelex Xobeh.
Nemelex Xobeh was noncommittal.
You visited 2 branches of the dungeon, and saw 6 of its levels.

You collected 675 gold pieces.
You spent 26 gold pieces at shops.

Inventory:

Hand Weapons
 c - a +0 dagger
 k - a +0 rapier (weapon)
Armour
 a - a +0 robe (worn)
Magical Staves
 p - a staff of poison
Jewellery
 f - a ring of resist corrosion (left hand)
 h - an amulet of faith
Scrolls
 g - a scroll of vulnerability {unknown}
 i - a scroll of amnesia
 m - a scroll of noise {unknown}
 n - a scroll of blinking {unknown}
 o - a scroll of brand weapon {unknown}
Potions
 b - 2 potions of magic
 d - a potion of invisibility
 e - a potion of heal wounds
 j - a potion of cancellation
 l - a potion of flight


   Skills:
 + Level 3.2 Fighting
 + Level 2.1 Armour
 + Level 5.0 Dodging
 - Level 2.1 Stealth
 + Level 3.4 Spellcasting
 + Level 2.0 Hexes
 + Level 5.6 Ice Magic
 + Level 1.0 Invocations


You had 5 spell levels left.
You knew the following spells:

 Your Spells              Type           Power      Damage    Failure   Level
a - Freeze                Ice            76%        1d8       1%          1
b - Frozen Ramparts       Ice            38%        1d6       5%          3
c - Ozocubu's Armour      Ice            19%        N/A       5%          3

Your spell library contained the following spells:

 Spells                   Type           Power      Damage    Failure   Level
 Scorch                   Fire           4%         2d5       28%         2
 Inner Flame              Hex/Fire       5%         N/A       36%         3
 Summon Ice Beast         Ice/Summ       11%        N/A       52%         4
 Metabolic Englaciation   Hex/Ice        7%         N/A       73%         5
 Flame Wave               Conj/Fire      2%         2d4       88%         4
 Petrify                  Tmut/Erth      2%         N/A       88%         4
 Yara's Violent Unravell  Hex/Tmut       2%         3d3       98%         5
 Statue Form              Tmut/Erth      1%         N/A       100%        6
 Summon Cactus Giant      Summ           1%         N/A       100%        6
 Enfeeble                 Hex            4%         N/A       100%        7


Dungeon Overview and Level Annotations

Branches:
Dungeon (5/15)             Temple (1/1) D:4

Altars:
Ashenzari
Dithmenos
Elyvilon
Fedhas
Gozag
Hepliaklqana
Kikubaaqudgha
Nemelex Xobeh
Okawaru
Qazlal
Ru
Sif Muna
Trog
Uskayaw
Vehumet
Wu Jian
Xom
Yredelemnul
Zin
The Shining One

Shops:
D:2 *

Annotations:
D:5 Menkaure


Innate Abilities, Weirdness & Mutations

((You are very nimble when in or above water. (Stealth+, EV+, Speed+++)))
Your lower body shifts to a powerful aquatic tail in water.


Message History

Menkaure calls on the powers of darkness!
The jelly convulses!
Your body is wracked with pain!
Your frozen ramparts will break if you move.
Continue?
Okay, then.
Your frozen ramparts will break if you move.
Continue?
The frozen ramparts melt away as you move.
Things that are here:
a +0 dagger; an orc corpse Menkaure draws the symbol "Udjat" in the dust.
There is a stone staircase leading up here.
You climb upwards.
There is a stone staircase leading down here.
You open the door.
There is an open door here.
There is an open door here.
Magic restored.
Things that are here:
5 stones; a +0 dagger You open the door.
There is an open door here.
You open the door.
There is an open door here.
There is a stone staircase leading down here.
You climb downwards.
Level annotation: Menkaure
There is a stone staircase leading up here.
Found a hand axe and a cloak.
Really walk into that teleport trap?
You enter a teleport trap!
The teleport trap disappears.
Your surroundings suddenly seem different.
Menkaure gestures at you while chanting.
Pain shoots through your body!
Menkaure calls on the powers of darkness!
Your body is wracked with pain!
You barely miss Menkaure. Menkaure misses you.
You barely miss Menkaure. Menkaure hits you!
* * * LOW HITPOINT WARNING * * *
You completely miss Menkaure. Menkaure hits you!!
You die...
Your body disappears without a glow.

.. ...... ...
###....# #..
......# #...#.....#
#........#
#...(....#
####.....## #######
###....####...†.#
####@M!.....#.#.#.#
###.)...<......#
#)##.....#...#
#)##.....# #:.
..##.....# .
#####...#.# #####
#####... #...# ....
#.#.# .###


You could see Menkaure.

Vanquished Creatures
  2 ogres
  A bullfrog (D:4)
  Blork the orc (D:5)
  A scorpion (D:4)
  A hound (D:5)
  2 iguanas
  5 adders
  An ufetubus (D:4)
  2 worms
  2 dart slugs (D:4)
  6 orcs
  4 bats (D:1)
  10 endoplasms
  5 goblins
  11 hobgoblins
  5 kobolds
  6 quokkas
  4 ball pythons
  3 frilled lizards
  5 rats
77 creatures vanquished.

Notes
Turn   | Place    | Note
-------+----------+-------------------------------------------
     0 | D:1      | voltaire321 the Merfolk Ice Elementalist began the quest
                  | for the Orb.
     0 | D:1      | Reached XP level 1. HP: 13/13 MP: 3/3
   206 | D:1      | Reached XP level 2. HP: 20/20 MP: 3/5
   923 | D:2      | Reached skill level 1 in Fighting
   940 | D:1      | Reached XP level 3. HP: 17/26 MP: 0/6
  1566 | D:2      | Found Delea's General Store.
  1573 | D:2      | Bought a scroll of identify for 26 gold pieces
  1963 | D:3      | Reached XP level 4. HP: 25/32 MP: 3/7
  1964 | D:3      | Reached skill level 1 in Armour
  2338 | D:3      | Learned a level 3 spell: Frozen Ramparts
  2342 | D:3      | Learned a level 3 spell: Ozocubu's Armour
  2352 | D:3      | Noticed an ogre
  2394 | D:3      | Killed an ogre
  2395 | D:3      | Reached skill level 5 in Ice Magic
  2395 | D:3      | Reached XP level 5. HP: 30/38 MP: 0/9
  2765 | D:4      | Identified a scroll of acquirement
  2765 | D:4      | Acquired 522 gold pieces
  2863 | D:4      | Noticed an ogre
  2869 | D:4      | Killed an ogre
  2870 | D:4      | Reached skill level 1 in Hexes
  2870 | D:4      | Reached XP level 6. HP: 46/46 MP: 1/10
  3278 | D:4      | Found a staircase to the Ecumenical Temple.
  3292 | Temple   | Entered the Ecumenical Temple
  3703 | Temple   | Became a worshipper of Nemelex Xobeh the Trickster
  4179 | D:4      | Reached XP level 7. HP: 52/52 MP: 7/11
  4435 | D:5      | Entered Level 5 of the Dungeon
  4435 | D:5      | Noticed Blork the orc
  4446 | D:5      | Killed Blork the orc
  4527 | D:5      | Reached skill level 1 in Invocations
  4533 | D:5      | Noticed Menkaure
  4535 | D:5      | Reached skill level 5 in Dodging
  4642 | D:5      | Mangled by Menkaure

Illustrated notes

Levels and vault maps discovered:
D:1:      minmay_arrival_radiant_lines, layout_basic
D:2:      layout_basic, serial_shops, shop
D:3:      layout_rooms, hangedman_decor_growths, item_on_display_a
D:4:      layout_loops_corners, minmay_temple_entry_junction
D:5:      old_forge, layout_basic, uniq_menkaure, uniq_blork_the_orc
Temple:   mainiacjoe_temple_cubbyholes

Skill      XL: |  1  2  3  4  5  6  7 |
---------------+----------------------+-----
Dodging        | 3 4 5 |  5.0
Fighting       | 1 2 3 |  3.2
Armour         | 1 2 |  2.1
Ice Magic      | 5 |  5.6
Spellcasting   | 3 |  3.4
Hexes          | 1 2 |  2.0
Invocations    | 1 |  1.0
Stealth        | |  2.1

Action                     |  1- 3 |  4- 6 |  7- 9 || total
---------------------------+-------+-------+-------++-------
  Melee: Unarmed           |     1 |       |       ||     1
         Dagger            |     5 |       |       ||     5
         Rapier            |     9 |    42 |    27 ||    78
   Cast: Freeze            |    52 |    39 |       ||    91
         Frozen Ramparts   |       |     8 |     5 ||    13
         Ozocubu's Armour  |       |     2 |     1 ||     3
    Use: Scroll            |       |     9 |       ||     9
   Stab: Sleeping          |     2 |     2 |       ||     4
 Armour: Robe              |     7 |     6 |     4 ||    17
  Dodge: Dodged            |    33 |    41 |    33 ||   107

Table legend: (Time is in decaauts)
 A = Elapsed time spent in this place.
 B = Non-inter-level travel time spent in this place.
 C = Inter-level travel time spent in this place.
 D = Time resting spent in this place.
 E = Time spent auto-exploring this place.
 F = Levels seen in this place.
 G = Mean time per level.
                   A        B        C        D        E       F      G
               +--------+--------+--------+--------+--------+-----+--------+
         Total |   4657 |   4313 |    344 |    725 |   2742 |   6 |  776.2 |
       Dungeon |   4168 |   3956 |    212 |    725 |   2407 |   5 |  833.6 |
        Temple |    488 |    356 |    132 |      0 |    335 |   1 |  488.0 |
               +--------+--------+--------+--------+--------+-----+--------+

Top non-repeatable levels by time:
     D:4: 1417 daAuts
     D:1: 976 daAuts
     D:2: 877 daAuts
     D:3: 834 daAuts
  Temple: 488 daAuts
     D:5: 61 daAuts
